 Dungeon Crawl Stone Soup version 0.21.1-1-g345015fe64 (webtiles) character file.

24 Hercules1031 the Conjurer (level 2, -1/16 HPs)
             Began as a Felid Conjurer on June 10, 2018.
             Slain by Sigmund
             ... wielding a +0 scythe
              (3 damage)
             ... on level 2 of the Dungeon.
             The game lasted 00:05:36 (1213 turns).

Hercules1031 the Conjurer (Felid Conjurer)          Turns: 1213, Time: 00:05:36

Health: -1/16      AC: 21    Str:  1 (4)  XL:     2   Next: 79%
Magic:  0/6        EV:  4    Int: 13 (16) God:
Gold:   64         SH:  0    Dex: 13 (16) Spells: 2/5 levels left
                                        Lives:  0   Deaths: 0

rFire    . . .     SeeInvis +   (weapon unavailable)
rCold    . . .     Gourm    .   (shield unavailable)
rNeg     + + +     Faith    .   (armour unavailable)
rPois    +         Spirit   .   (helmet unavailable)
rElec    .         Reflect  .   (cloak unavailable)
rCorr    .         Harm     .   (gloves unavailable)
MR       .....     NoTele   +   (boots unavailable)
Stlth    ++........             (no amulet)
HPRegen  0.05/turn              (no ring)
MPRegen  0.10/turn              (no ring)

@: tree-form
A: very small, no armour, no weapons or thrown items, stealth, see invisible,
carnivore, slow metabolism 1
a: no special abilities


You were on level 2 of the Dungeon.
You were not hungry.
You were a tree.
You visited 1 branch of the dungeon, and saw 2 of its levels.

You collected 64 gold pieces.

Inventory:

Scrolls
 b - a scroll of identify {unknown}
Books
 a - a book of Conjurations

   Spells                             Type                      Level
   a - Magic Dart                     Conjuration                  1
   b - Searing Ray                    Conjuration                  2
   c - Dazzling Spray                 Conjuration/Hexes            3
   d - Fulminant Prism                Conjuration/Hexes            4
   e - Force Lance                    Conjuration/Translocation    4
   f - Iskenderun's Mystic Blast      Conjuration                  4


   Skills:
 + Level 2.9 Dodging
 * Level 3.4 Stealth
 * Level 2.4 Spellcasting
 * Level 3.8 Conjurations


You had 2 spell levels left.
You knew the following spells:

 Your Spells              Type           Power        Failure   Level  Hunger
a - Magic Dart            Conj           ##..         4%          1    #......
b - Searing Ray           Conj           ##....       8%          2    ###....


Dungeon Overview and Level Annotations

Branches:
Dungeon (2/15)

Altars:

Annotations:
D:2 Sigmund


Innate Abilities, Weirdness & Mutations

You cannot wear armour.
You are incapable of wielding weapons or throwing items.
Your paws allow you to move quietly. (Stealth)
((You have sharp claws.))
((You have razor-sharp teeth.))
You have supernaturally acute eyesight. (SInv)
You are carnivorous and can eat meat at any time.
((You cover ground quickly.))
((You are covered in fur. (AC +1)))
You have a slow metabolism.
((Your sharp claws are effective at attacking unaware monsters.))


Message History

You hit the quokka.
The quokka is severely wounded.
The quokka bites you but does no damage.
Sigmund hits you but does no damage.
You hit the quokka.
The quokka is almost dead.
The quokka bites you.
* * * LOW HITPOINT WARNING * * *
You hit the quokka.
You kill the quokka!
Sigmund hits you but does no damage.
Casting: Magic Dart
Confirm with . or Enter, or press ? or * to list all spells.
You don't have enough magic to cast that spell.
Unknown command.
Sigmund is nearby!
Sigmund is nearby!
Sigmund hits you but does no damage.
Sigmund hits you from afar with a scythe.
You die...

######### #.......#
#.#####.# ##############
#.###...###.##.........#
#............#.#######.#
#......♣.......# #.#
#..............# #.#
#)..#@..##..#### #.#
#......†##..# #.#
##.†........# #####.#
##.#######'# #...... #.#
##...## #.###.# #.#
##.....## #.###.# .#.
##.......###.##..#


You could see Sigmund.

Vanquished Creatures
  A dart slug (D:1)
  A leopard gecko (D:2)
  4 bats
  A giant cockroach (D:1)
  A goblin (D:1)
  2 hobgoblins (D:1)
  3 kobolds
  A quokka (D:2)
  5 frilled lizards
  A rat (D:2)
20 creatures vanquished.

Notes
Turn   | Place    | Note
-------+----------+-------------------------------------------
     0 | D:1      | Hercules1031 the Felid Conjurer began the quest for the Orb.
     0 | D:1      | Reached XP level 1. HP: 7/7 MP: 4/4
     7 | D:1      | Noticed a wyvern
     7 | D:1      | Noticed a water moccasin
     7 | D:1      | Noticed a hound
     8 | D:1      | Noticed a crocodile
     8 | D:1      | Noticed a killer bee
   455 | D:1      | Reached XP level 2. HP: 11/11 MP: 4/6
   660 | D:1      | Learned a level 2 spell: Searing Ray
  1192 | D:2      | Noticed Sigmund
  1213 | D:2      | Slain by Sigmund

Skill      XL: |  1 |
---------------+----+-----
Stealth        | 3 |  3.4
Dodging        | |  2.9
Spellcasting   | |  2.4
Conjurations   | |  3.8

Action                   || total
-------------------------++-------
Melee: Unarmed           ||    22
       Bite              ||     3
 Cast: Magic Dart        ||    30
  Use: Potion            ||     2
 Stab: Sleeping          ||     1
  Eat: Ration            ||     1
Armor: Skin              ||     6
Dodge: Dodged            ||    29
